 Dungeon Crawl Stone Soup version 0.31-a0-233-g139696dc86 (webtiles) character file.

Game seed: 15753013792969752764

61 coffeetime the Covered (level 4, -1/29 HPs)
             Began as a Gargoyle Fighter on July 9, 2023.
             Was a Follower of Trog.
             Slain by an iguana (6 damage)
             ... on level 3 of the Dungeon.
             The game lasted 00:03:32 (1305 turns).

coffeetime the Covered (Gargoyle Fighter)           Turns: 1305, Time: 00:03:32

Health: -1/29      AC: 13    Str: 21    XL:     4   Next: 7%
Magic:  4/4        EV:  8    Int:  9    God:    Trog [*.....]
Gold:   133        SH:  5    Dex:  9    Spells: 3/3 levels left

rFire   . . .        a - +0 war axe
rCold   . . .        m - +1 buckler {reflect}
rNeg    + . .        n - +0 chain mail
rPois   ∞            (no helmet)
rElec   +            (no cloak)
rCorr   .            (no gloves)
SInv    .            (no boots)
Will    .....        (no amulet) Stlth
                     (no ring)
HPRegen 0.24/turn    (no ring)
MPRegen 0.09/turn

%: reflection
@: no status effects
A: sickness immunity, AC +3, negative energy resistance 1, electricity
resistance, torment resistance 1, petrification resistance
a: Renounce Religion, Berserk


You were on level 3 of the Dungeon.
You worshipped Trog.
Trog was aware of your devotion.
You visited 1 branch of the dungeon, and saw 3 of its levels.

You collected 133 gold pieces.

Inventory:

Hand Weapons
 a - a +0 war axe (weapon)
Missiles
 e - 16 stones (quivered)
 j - 9 poisoned darts
Armour
 m - a +1 buckler of reflection (worn)
 n - a +0 chain mail (worn)
Scrolls
 b - a scroll of torment {unknown}
 f - 2 scrolls of silence {unknown}
 g - a scroll of brand weapon {unknown}
 h - a scroll of revelation {unknown}
Potions
 d - 2 potions of might
 i - a potion of curing {unknown}
 k - a potion of heal wounds {unknown}
 l - a potion of degeneration {unknown}


   Skills:
 + Level 4.1 Fighting
 - Level 1.8 Axes
 + Level 4.2 Armour
 + Level 0.4 Stealth
 + Level 3.6 Shields


You had 3 spell levels left.
You didn't know any spells.
Your spell library contained the following spells:

 Spells                   Type           Power      Damage    Failure   Level
 Dazzling Flash           Conj/Hex       0%         N/A       100%        3
 Agony                    Necr           0%         N/A       100%        5
 Silence                  Hex/Air        0%         N/A       100%        5


Dungeon Overview and Level Annotations

Branches:
Dungeon (3/15)

Altars:
Trog

Shops:
D:3 *


Innate Abilities, Weirdness & Mutations

You are immune to sickness and miasma.
Your stone body is resilient. (AC +3)
You are immune to poison.
You resist negative energy. (rN+)
You are resistant to electric shocks. (rElec)
You are resistant to unholy torment.
You are immune to petrification.


Message History

Found Lueti's General Store.
The iguana hisses angrily.
The orc closely misses you.
You barely miss the orc. The orc closely misses you.
You hit the orc.
The orc is heavily wounded.
The orc barely misses you. The orc hits you but does no damage.
You slash the orc!
You kill the orc!
Trog accepts your kill.
You closely miss the iguana. You block the iguana's attack.
You hit the iguana.
The iguana is moderately wounded.
The iguana barely misses you. The iguana bites you.
You completely miss the iguana.
The iguana is moderately wounded.
The iguana bites you but does no damage.
You closely miss the iguana.
The iguana is moderately wounded.
You barely miss the worm.
The iguana bites you but does no damage.
The worm bites you!
You barely miss the iguana.
The iguana is moderately wounded.
You slash the worm! The iguana closely misses you.
The iguana bites you but does no damage.
The worm barely misses you.
You hit the iguana.
The iguana is severely wounded.
You hit the worm. The iguana bites you.
You are too injured to fight recklessly!
You are too injured to fight recklessly!
You are too injured to fight recklessly!
The iguana attacks as you move away! The iguana bites you.
You hit the iguana but do no damage.
The iguana is severely wounded.
The iguana bites you!
* * * LOW HITPOINT WARNING * * *
The iguana bites you.
You die...

.>....... . ......... ..
. #. ........... ..
.###....##...# ...
........#.... ....
###..........
.....#.........#.# ~..
.....!)#.......#.# P..
#...l@.....##.# ....
.......w.......#.##..#
...............#.....#
...............#..# .#
........#.........##.#
##......#.........#..####
#......###.............#
∩......# ###..........<.
###.|...........


You could see a worm and an iguana.

Vanquished Creatures
  2 adders
  3 dart slugs
  2 orcs (D:3)
  2 giant cockroaches (D:1)
  6 goblins
  4 hobgoblins (D:2)
  A quokka (D:2)
  3 ball pythons
  4 bats (D:2)
  4 frilled lizards
  2 kobolds (D:1)
33 creatures vanquished.

Notes
Turn   | Place    | Note
-------+----------+-------------------------------------------
     0 | D:1      | coffeetime the Gargoyle Fighter began the quest for the
                  | Orb.
     0 | D:1      | Reached XP level 1. HP: 14/14 MP: 1/1
   200 | D:1      | Reached XP level 2. HP: 19/19 MP: 2/2
   675 | D:2      | Reached XP level 3. HP: 24/24 MP: 3/3
   829 | D:2      | Found a faded altar of an unknown god.
   854 | D:2      | Prayed at the altar of an unknown god.
   854 | D:2      | Became a worshipper of Trog the Wrathful
   854 | D:2      | Reached * piety under Trog
  1227 | D:3      | Reached XP level 4. HP: 27/29 MP: 4/4
  1295 | D:3      | Found Lueti's General Store.
  1305 | D:3      | Slain by an iguana

Illustrated notes

Levels and vault maps discovered:
D:1:      lemuel_arrival_room, layout_basic
D:2:      layout_basic, hellmonk_ecumenical_altar_pennies_from_heaven
D:3:      layout_rooms, mainiacjoe_overflow_24_doors, tso_oasis_becter,
          serial_shops, nicolae_shop_just_a_little_nook, serial_rivers,
          chequers_serial_rivers_micro_a, chequers_serial_rivers_micro_a,
          chequers_serial_rivers_room_a, chequers_serial_rivers_small_3,
          chequers_serial_rivers_small_a, chequers_serial_rivers_micro_d,
          minmay_checkerbox, uniq_robin

Skill      XL: |  1  2  3 |
---------------+----------+-----
Fighting       | 4 |  4.1
Armour         | 4 |  4.2
Axes           | |  1.8
Stealth        | |  0.4
Shields        | |  3.6

Action                     |  1- 3 |  4- 6 || total
---------------------------+-------+-------++-------
  Melee: War axe           |    94 |    11 ||   105
 Armour: Scale mail        |    58 |       ||    58
         Chain mail        |       |     4 ||     4
  Dodge: Dodged            |    56 |     7 ||    63
  Block: Buckler           |    23 |     1 ||    24

Table legend: (Time is in decaauts)
 A = Elapsed time spent in this place.
 B = Non-inter-level travel time spent in this place.
 C = Inter-level travel time spent in this place.
 D = Time resting spent in this place.
 E = Time spent auto-exploring this place.
 F = Levels seen in this place.
 G = Mean time per level.
                   A        B        C        D        E       F      G
               +--------+--------+--------+--------+--------+-----+--------+
         Total |   1353 |   1316 |     37 |      0 |    973 |   3 |  451.0 |
       Dungeon |   1353 |   1316 |     37 |      0 |    973 |   3 |  451.0 |
               +--------+--------+--------+--------+--------+-----+--------+

Top non-repeatable levels by time:
     D:2: 632 daAuts
     D:1: 598 daAuts
     D:3: 123 daAuts
